 Dungeon Crawl Stone Soup version 0.31-a0-1-g4198be8af4 (webtiles) character file.

Game seed: 4224356612817243740

22613 Pimp the Fighter (level 12, -3/96 HPs)
             Began as a Demonspawn Gladiator on Apr 30, 2023.
             Was the Champion of Okawaru.
             Hit by a stone thrown by a skeletal warrior (16 damage)
             ... on level 13 of the Dungeon.
             The game lasted 00:28:50 (11959 turns).

Pimp the Fighter (Demonspawn Gladiator)            Turns: 11959, Time: 00:28:51

Health: -3/96      AC: 28    Str: 19    XL:     12   Next: 64%
Magic:  18/18      EV: 15    Int: 17    God:    Okawaru [******]
Gold:   504        SH: 11    Dex: 18    Spells: 11/11 levels left

rFire   . . .        B - +5 broad axe (flame)
rCold   + + +        (no shield)
rNeg    + + +        h - +8 plate armour of the Ten Orbs {rElec SInv Stlth-}
rPois   .            G - +1 helmet "Buheonac" {Regen+ Int+2 Dex+2}
rElec   +            t - +0 cloak "Achey" {rC+}
rCorr   .            E - +0 pair of gloves
SInv    +            N - +0 pair of boots
Will    .....        M - amulet of reflection Stlth
                     q - +5 ring of evasion
HPRegen 1.16/turn    f - ring of Beheim {rC++ rN+++ Will- Int+6}
MPRegen 0.32/turn

%: reflection
@: no status effects
A: hooves 2, large bone plates 2, magic regeneration
a: Renounce Religion, Heroism, Finesse, Duel


You were on level 13 of the Dungeon.
You worshipped Okawaru.
Okawaru was exalted by your worship.
You visited 1 branch of the dungeon, and saw 15 of its levels.

You collected 742 gold pieces.
You spent 238 gold pieces at shops.

Inventory:

Hand Weapons
 a - a +0 war axe
 B - a +5 broad axe of flaming (weapon)
Missiles
 d - 3 throwing nets
 e - 3 javelins
Armour
 c - a +2 helmet
 h - the +8 plate armour of the Ten Orbs (worn) {rElec SInv Stlth-}
   (Okawaru gifted it to you on level 11 of the Dungeon)

   rElec:     It insulates you from electricity.
   SInv:      It lets you see invisible.
   Stlth:     It makes you less stealthy.
 l - a +1 scale mail
 t - the +0 cloak "Achey" (worn) {rC+}
   (You found it on level 2 of the Dungeon)

   rC:        It protects you from cold.
 D - a +2 chain mail of willpower
 E - a +0 pair of gloves (worn)
 G - the +1 helmet "Buheonac" (worn) {Regen+ Int+2 Dex+2}
   (You found it on level 8 of the Dungeon)

   Int:       It affects your intelligence (+2).
   Dex:       It affects your dexterity (+2).
   Regen:     It increases your rate of health regeneration.
 N - a +0 pair of boots (worn)
Jewellery
 f - the ring of Beheim (right hand) {rC++ rN+++ Will- Int+6}
   (You acquired it on level 4 of the Dungeon)

   [ring of intelligence]

   Int:       It affects your intelligence (+6).
   rC:        It greatly protects you from cold.
   rN:        It renders you almost immune to negative energy.
   Will:      It decreases your willpower.
 n - a ring of willpower
 q - a +5 ring of evasion (left hand)
 s - a +6 ring of dexterity
 A - a ring of protection from fire
 C - a +4 ring of protection
 M - an amulet of reflection (around neck)
Wands
 i - a wand of polymorph (10)
 j - a wand of paralysis (2)
 y - a wand of quicksilver (3) (quivered)
Scrolls
 b - a scroll of identify
 g - 3 scrolls of magic mapping
 k - 3 scrolls of noise
 o - 2 scrolls of fear
 p - 3 scrolls of fog
 x - 4 scrolls of teleportation
 I - 2 scrolls of amnesia
 J - a scroll of immolation
 L - a scroll of blinking
Potions
 r - 3 potions of flight
 v - a potion of magic
 w - a potion of lignification {unknown}
 F - a potion of might {unknown}
 H - a potion of brilliance {unknown}
 K - a potion of haste
 O - a potion of resistance {unknown}
Miscellaneous
 P - a piece from Xom's chessboard (15/15)


   Skills:
 + Level 9.5 Fighting
 + Level 9.1 Axes
 + Level 8.9 Throwing
 + Level 8.1 Armour
 + Level 9.1 Dodging
 + Level 8.1 Invocations


You had 11 spell levels left.
You didn't know any spells.
Your spell library contained the following spells:

 Spells                   Type           Power      Damage    Failure   Level
 Beastly Appendage        Tmut           0%         N/A       99%         1
 Kiss of Death            Conj/Necr      0%         2d5       99%         1
 Magic Dart               Conj           0%         1d3       99%         1
 Blink                    Tloc           0%         N/A       100%        2
 Lesser Beckoning         Tloc           0%         N/A       100%        2
 Momentum Strike          Conj/Tloc      0%         3d8       100%        2
 Scorch                   Fire           0%         2d5       100%        2
 Sublimation of Blood     Necr           0%         N/A       100%        2
 Wereblood                Tmut           0%         N/A       100%        2
 Confusing Touch          Hex            0%         N/A       100%        3
 Gell's Gravitas          Tloc           0%         N/A       100%        3
 Mephitic Cloud           Conj/Pois/Air  0%         N/A       100%        3
 Spider Form              Tmut/Pois      0%         N/A       100%        3
 Teleport Other           Tloc           0%         N/A       100%        3
 Vhi's Electric Charge    Tloc/Air       0%         N/A       100%        3
 Dispel Undead            Necr           0%         3d6       100%        4
 Flame Wave               Conj/Fire      0%         2d4       100%        4
 Arcjolt                  Conj/Air       0%         1d10      100%        5
 Borgnjor's Vile Clutch   Necr/Erth      0%         N/A       100%        5
 Maxwell's Capacitive Co  Air            0%         ∞         100%        8
 Call Imp                 Summ           Unusable   N/A       N/A         2
 Animate Dead             Necr           Unusable   N/A       N/A         4
 Death Channel            Necr           Unusable   N/A       N/A         6
 Summon Cactus Giant      Summ           Unusable   N/A       N/A         6
 Summon Hydra             Summ           Unusable   N/A       N/A         7

Dungeon Overview and Level Annotations

Branches:
Dungeon (15/15)            Temple (0/1) D:7            Lair (0/5) D:9
    Orc (0/2) D:12
 Vaults: D:13-14     Depths: D:15

Altars:
Makhleb
Nemelex Xobeh
Okawaru
Qazlal
Sif Muna
Uskayaw
Vehumet
Xom

Shops:
D:1 :   D:6 *   D:9 =:(=


Innate Abilities, Weirdness & Mutations

You have hoof-like feet.
You are mostly covered in large bone plates. (SH +6)
You regenerate magic rapidly.


Message History

The skeletal warrior barely misses you.
You hit the skeletal warrior. You burn the skeletal warrior.
The skeletal warrior is severely damaged.
You block the skeletal warrior's attack.
The skeletal warrior hits you but does no damage.
You closely miss the skeletal warrior.
The skeletal warrior is severely damaged.
The skeletal warrior hits you but does no damage.
The skeletal warrior hits you with a +0 long sword!
You hit the skeletal warrior. You burn the skeletal warrior.
The skeletal warrior is severely damaged.
You block the skeletal warrior's attack.
The skeletal warrior hits you with a +0 long sword!
You closely miss the skeletal warrior.
The skeletal warrior is severely damaged.
The skeletal warrior barely misses you.
The skeletal warrior hits you with a +0 long sword!
* * * LOW HITPOINT WARNING * * *
You closely miss the skeletal warrior.
The skeletal warrior is severely damaged.
The skeletal warrior hits you but does no damage.
You block the skeletal warrior's attack.
You barely miss the skeletal warrior.
The skeletal warrior is severely damaged.
The skeletal warrior hits you from afar with a +0 trident!
* * * LOW HITPOINT WARNING * * *
The skeletal warrior closely misses you.
You hit the skeletal warrior but do no damage.
The skeletal warrior is severely damaged.
You block the skeletal warrior's attack.
The skeletal warrior closely misses you.
The boulder beetle leaps!
The skeletal warrior hits you from afar with a +0 trident!
* * * LOW HITPOINT WARNING * * *
The skeletal warrior hits you but does no damage.
The skeletal warrior throws a javelin.
The javelin closely misses you.
The skeletal warrior throws a stone.
The stone misses you.
The skeletal warrior throws a javelin.
The javelin closely misses you.
The skeletal warrior throws a stone.
The stone hits you!
You die...

...#.#####.#..##.#####.....#####.
.........#.##..#.# #..........#.
..#............#.####.##..####...
............................##...
#..<....#..#...#.....#.......#.##
.......[.......................##
.........#.#..................#..
...........#..................#.#
..........##.###@.............#.#
.........z##B# #............#...#
..........##)# #.#..............#
...........#.# #.#...........#.(<
.............###z#...........#...
................z#°...........##.
.................#............##.
#.......#.####.....######........
##.....##.# ##.....#####.#......


You could see 2 skeletal warriors.

Vanquished Creatures
  Fannar (D:11)
  6 two-headed ogres
  A sun demon (D:12)
  2 skeletal warriors (D:13)
  A wizard (D:13)
  An orc knight (D:12)
  3 ugly things (D:13)
  5 cyclopes
  A rust devil (D:11)
  A gargoyle (D:12)
  A smoke demon (D:12)
  2 komodo dragons
  An efreet (D:12)
  2 unseen horrors
  A kobold demonologist (D:11)
  7 trolls
  The ghost of petzl the Sneak, an amateur FoDe (D:7)
  A hornet (D:9)
  A vampire (D:12)
  2 wraiths
  2 shadows
  13 yaks
  2 wyverns
  Eustachio (D:4)
  2 vampire mosquitoes
  Menkaure (D:4)
  A chaos spawn (D:11)
  3 water moccasins
  An acid dragon (D:12)
  3 black bears
  9 orc warriors
  2 sky beasts
  3 ice beasts
  2 ogres
  2 centaurs
  A phantom (D:6)
  3 kobold brigands
  3 bullfrogs
  7 scorpions
  5 wights
  3 killer bees (D:9)
  3 howler monkeys
  2 quasits (D:12)
  A hound (D:3)
  A gnoll bouda (D:6)
  9 orc priests
  3 jellies
  A sleepcap (D:5)
  Ijyb (D:4)
  5 iguanas
  8 orc wizards
  3 gnolls (D:6)
  12 adders
  2 shadow imps
  2 white imps (D:5)
  2 ufetubi (D:5)
  A worm (D:5)
  4 dart slugs
  47 orcs
  10 ball pythons
  8 endoplasms
  A giant cockroach (D:2)
  4 goblins
  7 hobgoblins
  3 jackals (D:4)
  15 kobolds
  5 quokkas
  8 bats
  5 frilled lizards
  10 rats
293 creatures vanquished.

Vanquished Creatures (others)
  A rakshasa (D:13)
  An acid dragon (D:7)
  8 demonic plants (D:12)
10 creatures vanquished.

Grand Total: 303 creatures vanquished

Notes
Turn   | Place    | Note
-------+----------+-------------------------------------------
     0 | D:1      | Pimp the Demonspawn Gladiator began the quest for the Orb.
     0 | D:1      | Reached XP level 1. HP: 16/16 MP: 1/1
    58 | D:1      | Found Hemamuas's Book Emporium.
   102 | D:1      | Gained mutation: You have large cloven feet. [demonic
                  | ancestry]
   102 | D:1      | Reached XP level 2. HP: 21/22 MP: 2/2
   320 | D:1      | Found a faded altar of an unknown god.
   477 | D:1      | Gained mutation: You have hoof-like feet. [demonic
                  | ancestry]
   477 | D:1      | Reached XP level 3. HP: 23/28 MP: 3/3
   853 | D:1      | Prayed at the altar of an unknown god.
   853 | D:1      | Became a worshipper of Warmaster Okawaru
   853 | D:1      | Reached * piety under Okawaru
  1272 | D:2      | Identified the +0 cloak "Achey" {rC+}
  1500 | D:3      | Reached XP level 4. HP: 34/34 MP: 4/4
  1945 | D:3      | Reached XP level 5. HP: 34/41 MP: 5/5
  2319 | D:4      | Noticed a black bear
  2321 | D:4      | Identified a scroll of acquirement
  2321 | D:4      | Acquired the ring of Beheim {rC++ rN+++ Will- Int+6}
  2330 | D:4      | Killed a black bear
  2330 | D:4      | Reached ** piety under Okawaru
  2342 | D:3      | Reached skill level 1 in Armour
  2342 | D:3      | Reached XP level 6. HP: 21/47 MP: 6/6
  2497 | D:4      | Noticed Ijyb
  2507 | D:4      | Paralysed by Ijyb for 3 turns
  2518 | D:4      | Paralysed by Ijyb for 4 turns
  2523 | D:4      | Paralysed by Ijyb for 5 turns
  2531 | D:4      | Killed Ijyb
  2857 | D:4      | Noticed Menkaure
  2866 | D:4      | Killed Menkaure
  2867 | D:4      | Reached XP level 7. HP: 53/53 MP: 7/7
  3085 | D:4      | Noticed Eustachio
  3133 | D:4      | Killed Eustachio
  3133 | D:4      | Reached *** piety under Okawaru
  3277 | D:5      | Entered Level 5 of the Dungeon
  3485 | D:5      | Gained mutation: You are partially covered in large bone
                  | plates. (SH +4) [demonic ancestry]
  3485 | D:5      | Reached XP level 8. HP: 61/61 MP: 8/8
  3631 | D:5      | Reached skill level 5 in Dodging
  3929 | D:5      | Reached skill level 5 in Fighting
  3929 | D:5      | Reached skill level 5 in Axes
  4202 | D:6      | Reached **** piety under Okawaru
  4211 | D:6      | Reached skill level 5 in Throwing
  4456 | D:6      | Reached XP level 9. HP: 67/68 MP: 9/9
  5128 | D:6      | Found Jikuqaf's Assorted Antiques.
  5132 | D:6      | Bought a glowing broad axe for 238 gold pieces
  5309 | D:7      | Found a staircase to the Ecumenical Temple.
  5413 | D:7      | Noticed a two-headed ogre
  5415 | D:7      | Found a radiant altar of Vehumet.
  5423 | D:7      | Killed a two-headed ogre
  5423 | D:7      | Reached ***** piety under Okawaru
  5424 | D:7      | Reached skill level 5 in Armour
  5538 | D:7      | Noticed a cyclops
  5544 | D:7      | Noticed petzl's ghost (amateur FoDe)
  5546 | D:7      | Found a transporter.
  5554 | D:7      | Found a transporter.
  5575 | D:7      | Killed petzl's ghost
  5596 | D:7      | Killed a cyclops
  5596 | D:7      | Received a gift from Okawaru
  5597 | D:7      | Gained mutation: You regenerate magic rapidly. [demonic
                  | ancestry]
  5597 | D:7      | Reached XP level 10. HP: 60/77 MP: 10/10
  6598 | D:8      | Reached skill level 1 in Invocations
  6706 | D:8      | Noticed a two-headed ogre
  6716 | D:8      | Found a stormy altar of Qazlal.
  6716 | D:8      | Found a burning altar of Makhleb.
  6722 | D:8      | Identified the +1 helmet "Buheonac" {Regen+ Int+2 Dex+2}
  6788 | D:8      | Killed a two-headed ogre
  7352 | D:9      | Found Warpho's Weapon Boutique.
  7383 | D:9      | Found Ontir's Jewellery Emporium.
  7392 | D:9      | Paralysed by a hornet for 1 turns
  7399 | D:9      | Paralysed by a hornet for 3 turns
  7408 | D:9      | Paralysed by a hornet for 2 turns
  7520 | D:9      | Found Sagow's Book Boutique.
  7654 | D:9      | Found a staircase to the Lair.
  7657 | D:9      | Found Oroih's Jewellery Shop.
  7727 | D:9      | Noticed a two-headed ogre
  7734 | D:9      | Killed a two-headed ogre
  7735 | D:9      | Gained mutation: You are mostly covered in large bone
                  | plates. (SH +6) [demonic ancestry]
  7735 | D:9      | Reached XP level 11. HP: 73/86 MP: 13/13
  8009 | D:10     | Entered Level 10 of the Dungeon
  8148 | D:10     | Found a shimmering blue altar of Sif Muna.
  8435 | D:10     | Found a hide-covered altar of Uskayaw.
  8754 | D:10     | Found a shimmering altar of Xom.
  8754 | D:10     | Found a sparkling altar of Nemelex Xobeh.
  9008 | D:11     | Noticed a two-headed ogre
  9019 | D:11     | Killed a two-headed ogre
  9020 | D:11     | Reached skill level 5 in Invocations
  9079 | D:11     | Noticed Fannar
  9258 | D:11     | Killed Fannar
  9258 | D:11     | Reached ****** piety under Okawaru
  9423 | D:11     | Noticed a two-headed ogre
  9453 | D:11     | Killed a two-headed ogre
  9945 | D:11     | Identified the +8 plate armour of the Ten Orbs {rElec SInv
                  | Stlth-} (Okawaru gifted it to you on level 11 of the
                  | Dungeon)
  9945 | D:11     | Received a gift from Okawaru
 10062 | D:12     | You fall into a shaft and drop 3 floors!
 10062 | D:15     | Entered Level 15 of the Dungeon
 10168 | D:12     | Noticed a sun demon
 10260 | D:12     | Killed a sun demon
 10261 | D:12     | Reached XP level 12. HP: 63/94 MP: 16/16
 10353 | D:12     | Noticed a two-headed ogre
 10364 | D:12     | Killed a two-headed ogre
 10675 | D:12     | Found a staircase to the Orcish Mines.
 11327 | D:13     | Noticed a boulder beetle
 11327 | D:13     | Noticed a rakshasa
 11534 | D:13     | Killed a rakshasa
 11804 | D:13     | HP: 4/96 [skeletal warrior/+0 trident (12)]
 11959 | D:13     | Hit by a stone thrown by a skeletal warrior

Illustrated notes

Levels and vault maps discovered:
D:1:      saegor_arrival_simple_c, layout_basic, basic_ecumenical_altar,
          serial_shops, shop, st_stairs_10
D:2:      layout_rooms
D:3:      layout_loops_corners
D:4:      layout_cave_pools, uniq_eustachio, uniq_ijyb, uniq_menkaure
D:5:      minmay_inner_zag, layout_loops_ring
D:6:      layout_cave_pools, mainiacjoe_overflow_paths, serial_shops,
          nicolae_shop_back_alley_shop
D:7:      layout_loops_cross, mainiacjoe_overflow_brackets,
          minmay_temple_entry_large_hall, gammafunk_ghost_arena
D:8:      layout_rooms, nicolae_overflow_two_pavilions
D:9:      layout_basic, lair_entry_dummy, serial_shops, shop, shop_statue, shop,
          nicolae_shop_pleasant_corner_grove, grunt_decor_arrowhead
D:10:     layout_gridville, gammafunk_temple_overflow_wave,
          mainiacjoe_overflow_catch_the_wave
D:11:     layout_cave_pools, uniq_fannar
D:12:     layout_loops_ring, david_orc_5, serial_demonic, serial_demonic_e,
          serial_demonic_g, serial_demonic_e, serial_demonic_g, serial_demonic_c
D:13:     layout_rooms
D:14:     layout_long_grid, lightli_vaults_fourway_checkpoint,
          chequers_serial_rivers_small_b, uniq_kirke
D:15:     hangedman_depths_entry_civil_slaughter, layout_long_grid,
          minmay_fountain_box, gammafunk_ghost_ooze

Skill      XL: |  1  2  3  4  5  6  7  8  9 10 11 12 |
---------------+-------------------------------------+-----
Throwing       | 2 3 4 5 6 7 8 |  8.9
Dodging        | 3 4 5 6 7 8 9 |  9.1
Axes           | 3 4 5 6 7 8 9 |  9.1
Fighting       | 3 4 5 6 7 8 9 |  9.5
Armour         | 1 2 4 5 6 7 8 |  8.1
Invocations    | 3 6 8 |  8.1

Action                     |  1- 3 |  4- 6 |  7- 9 | 10-12 || total
---------------------------+-------+-------+-------+-------++-------
  Melee: War axe           |    99 |   117 |   302 |       ||   518
         Punch             |     1 |     1 |     3 |    14 ||    19
         Kick              |    12 |    43 |   111 |    56 ||   222
         Broad axe         |       |       |    34 |   662 ||   696
  Evoke: Wand              |       |       |     6 |       ||     6
    Use: Scroll            |    10 |     3 |     3 |    11 ||    27
         Potion            |       |       |     3 |    13 ||    16
   Stab: Sleeping          |     3 |       |       |     2 ||     5
         Invisible         |       |       |     3 |    25 ||    28
         Distracted        |       |       |       |     1 ||     1
 Armour: Leather armour    |    21 |       |       |       ||    21
         Scale mail        |    14 |    56 |   122 |     2 ||   194
         Skin              |       |       |       |    41 ||    41
         Plate armour      |       |       |       |   151 ||   151
  Dodge: Dodged            |    65 |   139 |   320 |   658 ||  1182
  Block: Other             |       |       |    42 |   278 ||   320
         Reflection        |       |       |       |     3 ||     3

Table legend: (Time is in decaauts)
 A = Elapsed time spent in this place.
 B = Non-inter-level travel time spent in this place.
 C = Inter-level travel time spent in this place.
 D = Time resting spent in this place.
 E = Time spent auto-exploring this place.
 F = Levels seen in this place.
 G = Mean time per level.
                   A        B        C        D        E       F      G
               +--------+--------+--------+--------+--------+-----+--------+
         Total |  12248 |  11918 |    330 |   1939 |   6915 |  15 |  816.5 |
       Dungeon |  12248 |  11918 |    330 |   1939 |   6915 |  15 |  816.5 |
               +--------+--------+--------+--------+--------+-----+--------+

Top non-repeatable levels by time:
    D:11: 1191 daAuts
    D:12: 1142 daAuts
     D:6: 1117 daAuts
     D:9: 1109 daAuts
     D:3: 1010 daAuts
     D:8: 964 daAuts
     D:5: 930 daAuts
     D:1: 899 daAuts
    D:10: 890 daAuts
     D:4: 886 daAuts
    D:13: 786 daAuts
     D:7: 730 daAuts
     D:2: 563 daAuts
    D:15: 19 daAuts
    D:14: 4 daAuts
